 Dungeon Crawl Stone Soup version 0.21.1-1-g345015f (webtiles) character file.

56 Fortress the Shield-Bearer (level 3, 0/36 HPs)
             Began as a Gargoyle Fighter on June 16, 2018.
             Was an Initiate of the Shining One.
             Slain by an orc
             ... wielding a +0 flail
              (3 damage)
             ... on level 2 of the Dungeon.
             The game lasted 00:07:00 (1158 turns).

Fortress the Shield-Bearer (Gargoyle Fighter)       Turns: 1158, Time: 00:07:00

Health: 0/36       AC: 21    Str: 19    XL:     3   Next: 97%
Magic:  3/3        EV:  2    Int:  8    God:    the Shining One [......]
Gold:   67         SH:  9    Dex: 10    Spells: 2/2 levels left

rFire    . . .     SeeInvis .   a - +0 flail
rCold    . . .     Gourm    .   c - +0 shield
rNeg     + + +     Faith    .   (armour currently unavailable)
rPois    ∞         Spirit   .   (helmet currently unavailable)
rElec    .         Reflect  .   (cloak currently unavailable)
rCorr    .         Harm     .   (gloves currently unavailable)
MR       .....     NoTele   +   (boots currently unavailable)
Stlth    +.........             (no amulet)
HPRegen  0.12/turn              (no ring)
MPRegen  0.08/turn              (no ring)

@: tree-form, glowing
A: negative energy resistance 1, petrification resistance, rot immunity, AC +3
a: Renounce Religion


You were on level 2 of the Dungeon.
You worshipped the Shining One.
The Shining One was noncommittal.
You were not hungry.
You were a tree.
You visited 1 branch of the dungeon, and saw 3 of its levels.

You collected 67 gold pieces.

Inventory:

Hand Weapons
 a - a +0 flail (weapon)
 l - a +0 hunting sling
Missiles
 g - 50 bolts
 j - 5 stones (quivered)
 q - 21 arrows
Armour
 b - a +0 scale mail (melded)
 c - a +0 shield (worn)
 e - a cursed +0 pair of gloves (melded)
 k - a scarf of spirit shield
Jewellery
 p - an uncursed ring of stealth {unknown}
Scrolls
 h - a scroll of identify
 o - a scroll of remove curse {unknown}
Potions
 d - a potion of might
 i - a potion of lignification
 n - a potion of haste {unknown}
Comestibles
 f - 4 rations
 m - a chunk of flesh


   Skills:
 + Level 3.7 Fighting
 + Level 2.8 Maces & Flails
 + Level 3.6 Armour
 + Level 0.2 Dodging
 + Level 3.9 Shields


You had 2 spell levels left.
You didn't know any spells.

Dungeon Overview and Level Annotations

Branches:
Dungeon (3/15)

Altars:
The Shining One


Innate Abilities, Weirdness & Mutations

You are resistant to torment.
((Your stone body is resilient. (AC +3)))
You are immune to poison.
You resist negative energy. (rN+)
((You are resistant to electric shocks. (rElec)))
((You can survive without breathing.))
You are immune to petrification.
You are immune to rotting.


Message History

You barely miss the orc. You block the orc's attack.
You block the worm's attack.
You hit the orc but do no damage. The orc hits you but does no damage. x2
The worm bites you but does no damage.
You hit the orc.
The orc is almost dead.
The orc hits you but does no damage.
You hit the orc but do no damage.
The orc is almost dead.
You block the worm's attack. The orc hits you but does no damage.
You hit the orc but do no damage.
The orc is almost dead.
The worm bites you but does no damage. You block the orc's attack.
You barely miss the orc.
The orc is almost dead.
You block the orc's attack. You block the worm's attack.
You hit the orc but do no damage.
The orc is almost dead.
The orc hits you with a flail.
You die...

#.. #.##.....###
.... #...........
....##...........
.................
.................
.................
..........o......
.........♣.......
..........w......
........#########
###.....#####
............#
............+
............#
............#
............#


You could see a worm and an orc.

Vanquished Creatures
  2 adders
  An ooze (D:1)
  A worm (D:2)
  2 giant cockroaches (D:1)
  3 goblins (D:1)
  3 hobgoblins (D:1)
  2 jackals (D:3)
  4 kobolds
  5 bats
  2 frilled lizards
  6 rats (D:1)
31 creatures vanquished.

Notes
Turn   | Place    | Note
-------+----------+-------------------------------------------
     0 | D:1      | Fortress the Gargoyle Fighter began the quest for the Orb.
     0 | D:1      | Reached XP level 1. HP: 14/14 MP: 1/1
   116 | D:1      | Reached XP level 2. HP: 14/19 MP: 2/2
   632 | D:1      | Reached XP level 3. HP: 24/24 MP: 3/3
  1048 | D:2      | Found a glowing golden altar of the Shining One.
  1057 | D:2      | Became a worshipper of the Shining One
  1146 | D:3      | HP: 1/24 [orc/flail (5)]
  1158 | D:2      | Slain by an orc

Action                   || total
-------------------------++-------
Melee: Flail             ||   108
  Use: Scroll            ||     1
       Potion            ||     1
  Eat: Chunk             ||     1
Armor: Scale mail        ||    72
       Skin              ||     7
Dodge: Dodged            ||    52
Block: Shield            ||    78
